[Event "19th Rochefort Chess Festival - Masters"]
[Site "Rochefort, France"]
[Date "2020.02.25"]
[Round "6.5"]
[White "Suarez Uriel, Adrian"]
[Black "Jeet, Jain"]
[Result "1/2-1/2"]
[TimeControl "1h30/40 - 30' + [30'']"]
[WhiteElo "2371"]
[BlackElo "2223"]

1. e4 e5 2. Nf3 Nc6 3. Bb5 a6 4. Ba4 Nf6 5. O-O Be7 6. d3 b5 7. Bb3 d6 8. Bd2 O-O 9. h3 Be6 10.
Nc3 Nd7 11. Bd5 Bxd5 12. Nxd5 Nb6 13. Qe2 Nxd5 14. exd5 Nd4 15. Nxd4 exd4 16. Qg4 Bf6 17. a4 Qc8 18. axb5 axb5 19.
Qxc8 Rfxc8 20. g4 h6 21. b3 Re8 22. Ba5 Ra7 23. Bb4 Rxa1 24. Rxa1 Re2 25. Ra8+ Kh7 26. Rc8 Rxc2 27. Bxd6 Rc3 28.
Rxc7 Rxd3 29. Bf4 g5 30. Rc6 Kg7 31. Bc7 Rxb3 32. Ba5 Ra3 33. Bd2 Ra2 34. Bb4 Ra4 35. Bd2 d3 36. d6 Rc4 37.
Ra6 Rd4 38. Rb6 Rd5 39. Kg2 Be5 40. Kf3 Bf4 41. Ke4 Rxd6 42. Bc3+ f6 43. Rxd6 Bxd6 44. Kxd3 Kf7 45. Bd2 Bc5 46.
f4 Ke6 47. f5+ Kd5 48. Bc3 Be7 49. Bb2 Kc6 50. Bd4 Kb7 51. Ke4 Kc6 52. Kd3 Bd8 53. Bb2 Kc5 54. Ba3+ b4 55. Bb2 Kb5 56. Kd4 Kc6 57. Kc4 Be7 58.
Bd4 Kc7 59. Be3 Kc6 60. Bd4 Kc7 61. Kd5 Kd7 62. Ba1 Bd8 63. Bb2 Be7 64. Bd4 b3 65. Kc4 Kc6 66. Kxb3 Kd5 67. Bc3 Ke4 68.
Kc4 Kf3 69. Kd5 Kg3 70. Ke6 Bc5 71. Bxf6 Kxh3 72. Be5 Kxg4 73. f6 h5 74. f7 Bf8 75. Bd6 Bg7 76. Be5 Bf8 1/2-1/2

[Event "19th Rochefort Chess Festival - Masters"]
[Site "Rochefort, France"]
[Date "2020.02.25"]
[Round "6.3"]
[White "Maiorov, Nikita"]
[Black "Jolly, Jean-Francois"]
[Result "1-0"]
[TimeControl "1h30/40 - 30' + [30'']"]
[WhiteElo "2506"]
[BlackElo "2386"]

1. d4 Nf6 2. c4 g6 3. g3 c6 4. Bg2 d5 5. Nf3 Bg7 6. b3 O-O 7. O-O dxc4 8. bxc4 c5 9. Bb2 Qb6 10.
Qb3 Ne4 11. e3 Nc6 12. Ne5 Nd6 13. Nxc6 bxc6 14. dxc5 Qxc5 15. Bxg7 Kxg7 16. Nd2 f6 17. Rfc1 a5 18. Qa4 Ra6 19.
Nb3 Qe5 20. Qa3 a4 21. Nd4 Bd7 22. c5 Nf7 23. Rab1 Rb8 24. Qd3 Rxb1 25. Rxb1 Bc8 26. f4 Qc7 27. Qxa6 1-0

[Event "19th Rochefort Chess Festival - Masters"]
[Site "Rochefort, France"]
[Date "2020.02.25"]
[Round "6.1"]
[White "Burmakin, Vladimir"]
[Black "Van Den Doel, Erik"]
[Result "1/2-1/2"]
[TimeControl "1h30/40 - 30' + [30'']"]
[WhiteElo "2514"]
[BlackElo "2583"]

1. Nf3 d5 2. c4 d4 3. g3 Nc6 4. Bg2 e5 5. O-O e4 6. Ne1 h5 7. d3 e3 8. fxe3 h4 9. exd4 hxg3 10.
hxg3 Nxd4 11. Nc3 Bg4 12. Qd2 Bb4 13. Rf2 c6 14. Nc2 Nxc2 15. Qxc2 Bc5 16. e3 Nf6 17. d4 Be7 18. d5 Bd7 1/2-1/2

[Event "19th Rochefort Chess Festival - Masters"]
[Site "Rochefort, France"]
[Date "2020.02.25"]
[Round "6.4"]
[White "Duboue, Peio"]
[Black "Korneev, Oleg"]
[Result "1/2-1/2"]
[TimeControl "1h30/40 - 30' + [30'']"]
[WhiteElo "2421"]
[BlackElo "2505"]

1. e4 e5 2. Nf3 Nc6 3. Bc4 Bc5 4. c3 Nf6 5. d4 exd4 6. e5 d5 7. Bb5 Ne4 8. cxd4 Bb6 9. Nc3 Bg4 10.
Be3 O-O 11. h3 Bh5 12. Qc2 Nxc3 13. bxc3 f6 14. exf6 Qxf6 15. Be2 Na5 16. Ne5 Bxe2 17. Qxe2 c5 18. Nd7 Qc6 19. dxc5 Rfe8 20.
Nxb6 axb6 21. O-O bxc5 22. Qf3 Nc4 23. Rad1 Re5 24. Bf4 Rf5 25. Qg4 Qg6 26. Bg3 Rxa2 27. Rfe1 Ra8 28. Re7 Qxg4 29.
hxg4 Rf7 30. Rxf7 Kxf7 31. Rxd5 b6 32. Rd7+ Kf8 33. f4 Ra3 34. Rd3 Ra7 35. f5 h6 36. Bf4 Ke8 37. g5 hxg5 38. Bxg5 Rd7 39. Rxd7 Kxd7 40.
f6 gxf6 41. Bxf6 Ke6 42. Bg7 Kf7 43. Bh6 Nd6 44. Bf4 Nb5 45. Bd2 Nd6 46. Bf4 Nb5 1/2-1/2



[ePGN "0.1;DGT LiveChess/2.2.5"]

[Event "19th Rochefort Chess Festival - Masters"]
[Site "Rochefort, France"]
[Date "2020.02.26"]
[Round "7.1"]
[White "Van Den Doel, Erik"]
[Black "Maiorov, Nikita"]
[Result "1/2-1/2"]
[TimeControl "1h30/40 - 30' + [30'']"]
[WhiteElo "2583"]
[BlackElo "2506"]

1. d4 Nf6 2. Nf3 e6 3. Bf4 c5 4. c3 b6 5. e3 Be7 6. h3 O-O 7. Nbd2 d6 8. e4 cxd4 9. cxd4 Ba6 10.
Bxa6 Nxa6 11. Qe2 Nc7 12. O-O Qd7 13. Rfc1 Rfc8 14. Rc3 Nce8 15. a4 Qb7 16. Bg5 Bf8 17. Ne1 h6 18. Bxf6 Nxf6 19.
Rg3 1/2-1/2

[Event "19th Rochefort Chess Festival - Masters"]
[Site "Rochefort, France"]
[Date "2020.02.26"]
[Round "7.3"]
[White "Shirazi, Kamran"]
[Black "Vorobiov, Evgeny E."]
[Result "0-1"]
[TimeControl "1h30/40 - 30' + [30'']"]
[WhiteElo "2362"]
[BlackElo "2520"]

1. c4 c5 2. Nc3 g6 3. a3 Nc6 4. h4 Nf6 5. e3 Bg7 6. Nge2 d5 7. cxd5 Nxd5 8. Nxd5 Qxd5 9. Nc3 Qf5 10.
b4 O-O 11. bxc5 Bxc3 12. dxc3 Rd8 13. Qb3 Ne5 14. c4 Bd7 15. Be2 Bc6 16. O-O Qe4 17. f3 Qxh4 18. Qc3 Qg3 19. Qe1 Qxe1 20.
Rxe1 Nd3 21. Bxd3 Rxd3 22. e4 Rad8 23. Bb2 h5 24. Rac1 Kh7 25. Bc3 g5 26. Kf2 Kg6 27. Re3 Rxe3 28.
Kxe3 h4 29. a4 f6 30. a5 a6 31. Be1 e5 32. Ke2 f5 33. exf5+ Kxf5 34. Bd2 e4 35. Be3 Kg6 36. f4 g4 37.
Bf2 g3 38. Be3 Kf5 39. Rh1 Kg4 40.
f5 Rf8 41. Rd1 Rxf5 42. Rd6 h3 43. Rg6+ Kh4 44. gxh3 Kxh3 45. Rh6+ Kg2 46. Rh4 Rf1 47. Rh7 Rb1 48. Bd4 Rb3 49.
Re7 Ra3 50. Rg7 Rxa5 51. Be5 Ra2+ 52. Ke1 Ra3 53. Rg8 a5 54. Ke2 a4 55. Ra8 Rd3 56. Ra5 Bd7 0-1

[Event "19th Rochefort Chess Festival - Masters"]
[Site "Rochefort, France"]
[Date "2020.02.26"]
[Round "7.4"]
[White "Colin, Vincent"]
[Black "Burmakin, Vladimir"]
[Result "1-0"]
[TimeControl "1h30/40 - 30' + [30'']"]
[WhiteElo "2359"]
[BlackElo "2514"]

1. e4 d5 2. exd5 Qxd5 3. Nf3 Nf6 4. Be2 c6 5. O-O Bf5 6. b4 e6 7. b5 Be7 8. Nc3 Qd8 9. Nh4 Bg6 10.
Nxg6 hxg6 11. Rb1 Qc7 12. g3 O-O 13. Bf3 Nbd7 14. Qe2 cxb5 15. Rxb5 Rab8 16. a4 Rfc8 17. Re1 b6 18. Rb1 Qc4 19.
Bb2 Qxe2 20. Bxe2 Bb4 21. Nb5 Bxd2 22. Red1 Ba5 23. Nxa7 Rxc2 24. Bb5 Rb7 25. Nc6 Bc3 26. Ba3 Nd5 27.
Rbc1 Rxc1 28. Rxc1 Bf6 29. Ba6 Rc7 30. Bd6 Nc5 31. Bxc7 Nxc7 32. Bb5 g5 33. Na7 Bd4 34. Rc4 e5 35.
Nc6 Nxb5 36. axb5 Ne6 37. Kg2 f6 38. Ra4 Bc5 39. Ra7 g4 40. f3 gxf3+ 41. Kxf3 Kh7 42. Ke4 Ng5+ 43. Kd5 Nf3 44.
Nb8 Nd4 45. Kc4 Nc2 46. Nd7 Na3+ 47. Rxa3 Bxa3 48. Nxb6 e4 49. Nc8 Bb2 50. Nd6 Kg6 51. b6 e3 52. b7 e2 53. b8=Q e1=Q 54.
Qxb2 Qf1+ 55. Kc5 Qg1+ 56. Kd5 Kg5 57. Qe2 f5 58. h4 Kg6 59. Qe6+ 1-0

[Event "19th Rochefort Chess Festival - Masters"]
[Site "Rochefort, France"]
[Date "2020.02.26"]
[Round "7.2"]
[White "Korneev, Oleg"]
[Black "Gareyev, Timur"]
[Result "1/2-1/2"]
[TimeControl "1h30/40 - 30' + [30'']"]
[WhiteElo "2505"]
[BlackElo "2607"]

1. e4 e5 2. Nf3 Nc6 3. Bc4 Nf6 4. d3 h6 5. c3 d6 6. Nbd2 g6 7. O-O Bg7 8. Bb3 O-O 9. Re1 Re8 10. h3 Be6 11. d4 exd4 12. cxd4 Bxb3 13. Qxb3 a5 14.
a3 Nd7 15. d5 Nc5 16. Qc2 Nb8 17. Nb3 Nxb3 18. Qxb3 Nd7 19. Bd2 Nc5 20. Qc2 Qd7 21. Rab1 Qa4 22. Qxa4 Nxa4 23. b4 Nc3 24.
Bxc3 Bxc3 25. Re3 axb4 26. axb4 Bf6 27. b5 b6 28. Rc1 Re7 29. Rc4 Ra2 30. Rb3 Ra1+ 31. Kh2 Ra2 32. Kg1 Ra1+ 33.
Kh2 Ra2 1/2-1/2

[Event "19th Rochefort Chess Festival - Masters"]
[Site "Rochefort, France"]
[Date "2020.02.26"]
[Round "7.5"]
[White "Jeet, Jain"]
[Black "Prie, Eric"]
[Result "1-0"]
[TimeControl "1h30/40 - 30' + [30'']"]
[WhiteElo "2223"]
[BlackElo "2423"]

1. e4 c5 2. Nf3 Nc6 3. Nc3 g6 4. d4 cxd4 5. Nxd4 Bg7 6. Nb3 Nf6 7. Be2 O-O 8. O-O a6 9. Bg5 b5 10.
a3 h6 11. Bh4 d6 12. f4 Bb7 13. Kh1 Rc8 14. Bf3 Re8 15. Qd2 Nh7 16. Nd1 g5 17. fxg5 hxg5 18. Bxg5 Nxg5 19. Qxg5 e6 20.
Qh5 Ne5 21. Ne3 Ng6 22. c3 Qh4 23. Qxh4 Nxh4 24. Rad1 Red8 25. Rd3 Nxf3 26. gxf3 Kf8 27. a4 bxa4 28. Na5 Ba8 29. Nac4 Rc6 30.
Ra1 Ke7 31. Rxa4 Bh6 32. Rb4 Rh8 33. Nb6 Bg5 34. Nxa8 Rxa8 35. Rb7+ Kf6 36. Ng2 a5 37. f4 Bh6 38. Rxd6 Rxd6 39.
e5+ Kg6 40. exd6 Rd8 41. d7 Kf6 42. Kg1 Ke7 43. Kf2 Kd6 44. Ra7 Kc6 45. Rxa5 Rxd7 46. Ke2 Rd8 47. Ra7 Rf8 48. b4 Kb6 49.
Ra2 Kb5 50. Ra5+ Kc4 51. Rc5+ Kb3 52. b5 Bg7 53. c4 Bd4 54. Rc6 Kb4 55. Ne3 Bc5 56. Ng4 Rh8 57. b6 Rb8 58. Ne5 Bxb6 59.
Nd7 Rh8 60. Nxb6 Rxh2+ 61. Kf3 Kc3 62. Rd6 Kb4 63. Nd7 Kxc4 64. Ne5+ Kc5 65. Nxf7 Rh3+ 66. Ke4 Kd5+ 1-0




[ePGN "0.1;DGT LiveChess/2.2.5"]

[Event "19th Rochefort Chess Festival - Masters"]
[Site "Rochefort, France"]
[Date "2020.02.27"]
[Round "8.2"]
[White "Gareyev, Timur"]
[Black "Jeet, Jain"]
[Result "1-0"]
[TimeControl "1h30/40 - 30' + [30'']"]
[WhiteElo "2607"]
[BlackElo "2223"]

1. d4 d5 2. c4 e6 3. Nc3 Be7 4. cxd5 exd5 5. Bf4 Nf6 6. e3 Bf5 7. Nge2 O-O 8. Ng3 Be6 9. Bd3 c5 10.
dxc5 Bxc5 11. O-O Nc6 12. Rc1 d4 13. Nce4 Be7 14. Nc5 Bxc5 15. Rxc5 Nd5 16. Qh5 g6 17. Qh6 Nxf4 18. Rh5 Re8 19.
exf4 Qf6 20. Qxh7+ Kf8 21. Rb5 Qxf4 22. Rxb7 Qf6 23. f4 Qg7 24. Qh4 Bd5 25. f5 g5 26. f6 gxh4 27. fxg7+ Kxg7 28.
Nh5+ Kh6 29. Nf6 Ne5 30. Nxd5 Nxd3 31. Rbxf7 Rad8 32. R1f6+ Kh5 33. Rf5+ Kh6 34. R5f6+ Kh5 35. Ne7 Nxb2 36.
Rh7+ Kg5 37. Rhf7 Nd3 1-0

[Event "19th Rochefort Chess Festival - Masters"]
[Site "Rochefort, France"]
[Date "2020.02.27"]
[Round "8.3"]
[White "Maiorov, Nikita"]
[Black "Colin, Vincent"]
[Result "1/2-1/2"]
[TimeControl "1h30/40 - 30' + [30'']"]
[WhiteElo "2506"]
[BlackElo "2359"]

1. d4 d5 2. c4 c6 3. Nc3 Nf6 4. e3 g6 5. Nf3 Bg7 6. Be2 O-O 7. O-O e6 8. Qc2 b6 9. b4 dxc4 10.
Bxc4 b5 11. Bd3 a5 12. bxa5 Qxa5 13. Bd2 Qa3 14. Bc1 Qa5 15. Nd2 Na6 16. Nb3 Qc7 17. a3 e5 18. Ne4 exd4 19. exd4 Be6 1/2-1/2

[Event "19th Rochefort Chess Festival - Masters"]
[Site "Rochefort, France"]
[Date "2020.02.27"]
[Round "8.1"]
[White "Vorobiov, Evgeny E."]
[Black "Van Den Doel, Erik"]
[Result "1/2-1/2"]
[TimeControl "1h30/40 - 30' + [30'']"]
[WhiteElo "2520"]
[BlackElo "2583"]

1. d4 d5 2. c4 c6 3. Nf3 Nf6 4. e3 Bf5 5. Nc3 e6 6. Nh4 Be4 7. f3 Bg6 8. Qb3 Qc7 9. Bd2 Be7 10. cxd5 cxd5 11.
Nxg6 hxg6 12. O-O-O Nc6 13. Kb1 a6 14. Rc1 Nd7 15. Bd3 Na5 16. Qa4 Nc4 17. Bxc4 dxc4 18. d5 O-O-O 19. e4 1/2-1/2

[Event "19th Rochefort Chess Festival - Masters"]
[Site "Rochefort, France"]
[Date "2020.02.27"]
[Round "8.5"]
[White "Yanayt, Eugene"]
[Black "Korneev, Oleg"]
[Result "0-1"]
[TimeControl "1h30/40 - 30' + [30'']"]
[WhiteElo "2206"]
[BlackElo "2505"]

1. d4 d5 2. c4 c6 3. Nf3 Nf6 4. Nc3 e6 5. g3 dxc4 6. Bg2 b5 7. Ne5 Nd5 8. O-O Bb7 9. e4 Nxc3 10.
bxc3 Nd7 11. f4 Be7 12. Qh5 O-O 13. f5 exf5 14. Nxd7 Qxd7 15. Bh3 Qd8 16. Rxf5 Bc8 17. Rf3 Bxh3 18.
Qxh3 Qc8 19. Qh5 Qe6 20. Rf4 g6 21. Qe2 f5 22. Qc2 Bd6 23. exf5 gxf5 24. Rf2 c5 25. d5 Qe1+ 26. Rf1 Qe4 27.
Qg2 Be5 28. Bd2 Qxg2+ 29. Kxg2 Rad8 30. Bh6 Rf7 31. Rad1 Bxc3 32. d6 Bd4 33. Rde1 c3 34. Re7 b4 35. Rfe1 Rxe7 36. dxe7 Re8 37. g4 Kf7 38. Bf8 c4 0-1

[Event "19th Rochefort Chess Festival - Masters"]
[Site "Rochefort, France"]
[Date "2020.02.27"]
[Round "8.4"]
[White "Duboue, Peio"]
[Black "Dalaud, Dorian"]
[Result "1-0"]
[TimeControl "1h30/40 - 30' + [30'']"]
[WhiteElo "2421"]
[BlackElo "2236"]

1. e4 c5 2. c3 d5 3. exd5 Qxd5 4. d4 Nc6 5. Nf3 Bf5 6. Be3 cxd4 7. Nxd4 Nf6 8. Nxf5 Qxf5 9. Bd3 Qd5 10.
O-O O-O-O 11. Be2 Qxd1 12. Rxd1 Rxd1+ 13. Bxd1 Nd5 14. Bd2 e6 15. Kf1 Be7 16. Ke2 e5 17. a4 Nf4+ 18. Bxf4 exf4 19.
Bb3 f6 20. Nd2 Bc5 21. Nc4 Kc7 22. Bc2 Re8+ 23. Kf3 Ne5+ 24. Nxe5 Rxe5 25. Bxh7 Rh5 26. Be4 Rxh2 27. Rd1 b6 28.
Bf5 Rh5 29. Bg4 Rg5 30. Rd7+ Kc6 31. Rxa7 Bd6 32. Bd7+ Kd5 33. Rb7 1-0




[ePGN "0.1;DGT LiveChess/2.2.5"]

[Event "19th Rochefort Chess Festival - Masters"]
[Site "Rochefort, France"]
[Date "2020.02.28"]
[Round "9.1"]
[White "Duboue, Peio"]
[Black "Gareyev, Timur"]
[Result "1-0"]
[TimeControl "1h30/40 - 30' + [30'']"]
[WhiteElo "2421"]
[BlackElo "2607"]

1. e4 e5 2. Nf3 Nc6 3. d4 exd4 4. Nxd4 Bc5 5. Be3 Qf6 6. c3 Nge7 7. g3 O-O 8. Bg2 Bb6 9. O-O d6 10.
Na3 Bd7 11. f4 d5 12. exd5 Nxd4 13. Bxd4 Nf5 14. Bf2 Rae8 15. Nc4 Bb5 16. Nxb6 axb6 17. Re1 Rxe1+ 18. Qxe1 Re8 19. Qd1 Nd6 20.
Bd4 Qg6 21. b3 h5 22. Bf3 h4 23. Bh5 Qh6 24. Be5 hxg3 25. hxg3 Ne4 26. Qf3 Nd2 27. Qh1 Bd3 28. Rd1 Rxe5 29. Bxf7+ Kxf7 30. Qxh6 gxh6 31. fxe5 Nf3+ 32.
Kf2 Nxe5 33. Ke3 Bf5 34. c4 Kf6 35. Rf1 h5 36. Kd4 Nd3 37. Rxf5+ Kxf5 38. Kxd3 Kg4 39. b4 Kxg3 40. c5 bxc5 41. bxc5 h4 42. d6 cxd6 43. cxd6 h3 44.
d7 h2 45. d8=Q h1=Q 46. Qg5 Kf2 47. Qe3+ Kf1 48. Qc1+ 1-0

[Event "19th Rochefort Chess Festival - Masters"]
[Site "Rochefort, France"]
[Date "2020.02.28"]
[Round "9.2"]
[White "Van Den Doel, Erik"]
[Black "Korneev, Oleg"]
[Result "1/2-1/2"]
[TimeControl "1h30/40 - 30' + [30'']"]
[WhiteElo "2583"]
[BlackElo "2505"]

1. Nf3 d5 2. g3 Bg4 3. Bg2 c6 4. c4 e6 5. cxd5 Bxf3 6. Bxf3 cxd5 7. O-O Nf6 8. d4 Nc6 9. Nc3 Be7 10.
e3 O-O 1/2-1/2

[Event "19th Rochefort Chess Festival - Masters"]
[Site "Rochefort, France"]
[Date "2020.02.28"]
[Round "9.5"]
[White "Jolly, Jean-Francois"]
[Black "Martin Duque, Jesus"]
[Result "0-1"]
[TimeControl "1h30/40 - 30' + [30'']"]
[WhiteElo "2386"]
[BlackElo "2446"]

1. e4 e5 2. Nf3 Nc6 3. Bb5 a6 4. Ba4 Nf6 5. O-O Be7 6. Re1 b5 7. Bb3 d6 8. c3 O-O 9. h3 Nb8 10.
d4 Nbd7 11. Nbd2 Bb7 12. Bc2 Re8 13. Nf1 Bf8 14. Ng3 g6 15. a4 c5 16. d5 c4 17. Bg5 Nc5 18. Qd2 Be7 19. Be3 Nfd7 20.
h4 h5 21. Ng5 Bf8 22. Rf1 Bg7 23. f3 Qc7 24. Nh1 f6 25. Nh3 Nb6 26. axb5 axb5 27. Rxa8 Rxa8 28. g4 Bc8 29. Qg2 Qd7 30.
N3f2 Ra2 31. gxh5 gxh5 32. Ng3 Qf7 33. Nd1 Nba4 34. Bc1 Nd3 35. Bxd3 cxd3 36. Kh1 Qg6 37. Rg1 Kh7 38. Nxh5 Qxg2+ 39. Rxg2 Bh8 40. Be3 Ra1 41. Rg1 Rb1 42. b4 f5 43. exf5 Bb7 44. Ng3 Bxd5 45. Ne4 Bg7 46. Kh2 Bb3 47.
Ndf2 Rxg1 48. Kxg1 d5 49. Ng5+ Kg8 50. Nxd3 Nxc3 51. Ne6 Bc2 52. Nxg7 Bxd3 53. f6 Kf7 54. Bg5 d4 55. f4 exf4 56.
Nh5 f3 57. Kf2 Be4 58. Ng3 Bd5 59. Nf1 Ne4+ 60. Kg1 f2+ 61. Kh2 Kg6 62. Kh3 Bc4 63. Kg2 Bxf1+ 64. Kxf1 d3 0-1

[Event "19th Rochefort Chess Festival - Masters"]
[Site "Rochefort, France"]
[Date "2020.02.28"]
[Round "9.3"]
[White "Colin, Vincent"]
[Black "Vorobiov, Evgeny E."]
[Result "0-1"]
[TimeControl "1h30/40 - 30' + [30'']"]
[WhiteElo "2359"]
[BlackElo "2520"]

1. e4 c5 2. Nc3 Nc6 3. Bb5 Nd4 4. Nf3 a6 5. Bd3 Nc6 6. O-O g6 7. e5 Bg7 8. Re1 Nh6 9. Be4 Nd4 10.
d3 d6 11. exd6 Qxd6 12. Nxd4 cxd4 13. Nd5 O-O 14. a4 e6 15. Bf4 e5 16. Bxh6 Bxh6 17. a5 Be6 18. Nb6 Rab8 19. Qf3 Bd2 20.
Re2 Bxa5 21. Rxa5 Qxb6 22. Rxe5 Qxb2 23. g4 Rbc8 24. c4 Qc1+ 25. Kg2 b5 26. cxb5 axb5 27. Rxb5 Qd1 28. Kg3 Rc3 29.
Rb4 Rd8 30. Qf6 Qg1+ 31. Bg2 Rxd3+ 32. f3 Rf8 33. h4 Bd5 34. Kf4 Qc1+ 35. Kg3 Qg1 36. Kf4 Qc1+ 37. Kg3 Re3 38. Reb2 Qg1 39.
Kf4 Re6 40. Qxd4 Qh2+ 0-1

[Event "19th Rochefort Chess Festival - Masters"]
[Site "Rochefort, France"]
[Date "2020.02.28"]
[Round "9.4"]
[White "Burmakin, Vladimir"]
[Black "Maiorov, Nikita"]
[Result "1-0"]
[TimeControl "1h30/40 - 30' + [30'']"]
[WhiteElo "2514"]
[BlackElo "2506"]

1. Nf3 Nf6 2. g3 b6 3. Bg2 Bb7 4.
O-O e6 5. d3 d5 6. c4 Be7 7. cxd5 exd5 8. Nh4 Qd7 9. Nc3 O-O 10. e4 dxe4 11. dxe4 Qxd1 12. Rxd1 Bc5 13. e5 Bxg2 14.
Kxg2 Ng4 15. Ne4 Nxe5 16. Nxc5 bxc5 17. Rd5 f6 18. Rxc5 Na6 19. Rc3 Rfd8 20. Bf4 Nd3 21. Bxc7 Rd5 22.
Nf3 Nxb2 23. Bf4 Nd3 24. Be3 Nac5 25. Rb1 a6 26. Nd4 Re8 27. h3 h6 28. Ra3 Re4 29. Ne2 Rc4 30. Rc3 Rxc3 31.
Nxc3 Rd6 32. Rb8+ Kh7 33. Rc8 Nd7 34. Rc7 N3e5 35. Ne4 Rc6 36. Ra7 f5 37. Nd2 Nf6 38. Nb3 Kg6 39. Nc5 Nc4 40.
Bd4 a5 41. Nd3 Kh7 42. Ne5 Rd6 43. Bc3 Nd2 44. Nf7 Rd5 45. Rxa5 Nb1 46. Rxd5 Nxd5 47. Bb2 Nbc3 48. a3 Na4 49.
Bd4 Ndc3 50. Bxc3 Nxc3 51. Ne5 g5 52. Nd7 Na4 53. Kf3 Kg7 54. Ke3 Kf7 55. Kd4 Ke7 56. Nc5 Nb2 57. Nd3 1-0